 Dungeon Crawl Stone Soup version 0.18-a0-1225-g5d63bca (webtiles) character file.

40 ololoev the Conjurer (level 3, 14/19 HPs)
             Began as a Deep Elf Fire Elementalist on Feb 3, 2016.
             Was a Follower of Okawaru.
             Quit the game on level 3 of the Dungeon.
             The game lasted 00:04:19 (433 turns).

ololoev the Conjurer (Deep Elf Fire Elementalist)    Turns: 433, Time: 00:04:19

Health: 14/19      AC:  5    Str:  5    XL:     3   Next: 30%
Magic:  3/9        EV: 13    Int: 20    God:    Okawaru [*.....]
Gold:   8          SH:  0    Dex: 15    Spells: 1 memorised, 7 levels left

rFire  . . .     SeeInvis .     l - +0 trident
rCold  . . .     Gourm    .     a - +0 robe
rNeg   . . .     Faith    .     (no shield)
rPois  .         Spirit   .     (no helmet)
rElec  .         Dismiss  .     (no cloak)
rCorr  .         Reflect  .     (no gloves)
SustAt .         Harm     .     e - +2 pair of boots
MR     .....                    (no amulet)
Stlth  ++........               (no ring)
                                (no ring)

@: not resistant to hostile enchantments, unstealthy
A: no striking features
a: Heroism, Renounce Religion

Inventory:

Hand Weapons
 l - a +0 trident (weapon)
Missiles
 f - a throwing net (quivered)
Armour
 a - a +0 robe (worn)
 e - a +2 pair of boots (worn)
Scrolls
 h - a scroll of enchant weapon {unknown}
 i - a scroll of remove curse {unknown}
 k - a scroll of identify {unknown}
Potions
 j - a potion of haste {unknown}
Books
 b - a book of Flames

   Spells                             Type                      Level
   a - Flame Tongue                   Conjuration/Fire             1
   b - Throw Flame                    Conjuration/Fire             2
   c - Conjure Flame                  Conjuration/Fire             3
   d - Inner Flame                    Hexes/Fire                   3
   e - Sticky Flame                   Conjuration/Fire             4
   f - Fireball                       Conjuration/Fire             5
Comestibles
 c - 2 bread rations
 d - a meat ration
 g - a slice of pizza


   Skills:
 - Level 2.4 Dodging
 - Level 2.4 Stealth
 - Level 3.0 Spellcasting
 + Level 3.6 Conjurations
 - Level 3.2 Fire Magic


You had 7 spell levels left.
You knew the following spells:

 Your Spells              Type           Power        Failure   Level  Hunger
a - Flame Tongue          Conj/Fire      ###..        3%          1    None


You were on level 3 of the Dungeon.
You worshipped Okawaru.
Okawaru was aware of your devotion.
You were not hungry.

You visited 1 branch of the dungeon, and saw 3 of its levels.

You collected 8 gold pieces.

+.........'...............
#.........####.....#....##
##.......## #..##...####
##.[...## #.#######
##...## #.# ##'########.#
#.......##.# #....#..##.#
#.#.#@# #.....#.....#
#.........##.#
......####... .##...##
###. # ##).. # ###

Notes
Turn   | Place    | Note
--------------------------------------------------------------
     0 | D:1      | ololoev the Deep Elf Fire Elementalist began the quest for the Orb.
     0 | D:1      | Reached XP level 1. HP: 10/10 MP: 6/6
   146 | D:1      | Reached XP level 2. HP: 15/15 MP: 6/8
   318 | D:3      | Noticed Robin
   372 | D:3      | Killed Robin
   372 | D:3      | Reached XP level 3. HP: 19/19 MP: 0/9
   413 | D:3      | Got an ancient helmet
   420 | D:3      | Identified the +1 helmet of the Cockroach {-Cast rPois Str+3 SInv} (You took it off Robin on level 3 of the Dungeon)
   427 | D:3      | Found a faded altar to an unknown god.
   433 | D:3      | Became a worshipper of Warmaster Okawaru
   433 | D:3      | Reached * piety under Okawaru
   433 | D:3      | Quit the game

Dungeon Overview and Level Annotations

Branches:
Dungeon (3/15)

Altars:
Okawaru


Message History

There is a stone staircase leading up here.
Casting: Flame Tongue
Confirm with . or Enter, or press ? or * to list all spells.
Aiming: Flame Tongue
Press: ? - help, Shift-Dir - straight line, f - hobgoblin, p - hobgoblin
Aim: a hobgoblin, wielding a club The flame tongue hits the hobgoblin.
You kill the hobgoblin!
The hobgoblin hits you with a club.
Casting: Flame Tongue
Confirm with . or Enter, or press ? or * to list all spells.
Aiming: Flame Tongue
Press: ? - help, Shift-Dir - straight line, f - hobgoblin
Aim: a hobgoblin, wielding a club The flame tongue hits the hobgoblin.
You kill the hobgoblin!
There is an open door here.
Things that are here:
a trident; an animal skin; an ancient helmet
l - a trident;
m - an ancient helmet Wield which item (- for none, * to show all)? (? for menu, Esc to quit)
l - a +0 trident (weapon)
Wear which item? (? for menu, Esc to quit)
You start putting on your armour.
You continue putting on your ancient helmet. x4
You finish putting on the +1 helmet of the Cockroach {-Cast rPois Str+3 SInv}.
Drop what? 13/52 slots (_ for help) (? for menu, Esc to quit)
You start removing your armour.
You continue taking off the +1 helmet of the Cockroach {-Cast rPois Str+3 SInv}. x4
You finish taking off the +1 helmet of the Cockroach {-Cast rPois Str+3 SInv}.
You drop the +1 helmet of the Cockroach {-Cast rPois Str+3 SInv}.
Found a faded altar to an unknown god.
There is an open door here.
Found a short sword.
There is a faded altar to an unknown god here.
This altar will convert you to a god.
You cannot discern which.
Do you pray? Okawaru accepts your prayer! Okawaru welcomes you!
You can now gain great but temporary skills.
Are you sure you want to abandon this character and quit the game? (Confirm with "yes".)

There were no monsters in sight!

Vanquished Creatures
  Robin (D:3)
  An adder (D:2)
  An ooze (D:3)
  A bat (D:1)
  2 goblins (D:3)
  5 hobgoblins
  4 kobolds (D:1)
  2 rats (D:1)
17 creatures vanquished.

Action                   || total
-------------------------++-------
 Cast: Flame Tongue      ||    31

Vault maps used:
D:1:      tarquinn_simple_flora_water_f, minivault_11
D:2:      led_sif_pool
D:3:      ecumenical_altar_1, kennysheep_potato, uniq_robin
